 Dungeon Crawl Stone Soup version 0.29.1-4-g47bece8355 (webtiles) character file.

Game seed: 6647211681485738733

107434 ChadusMaximus the Sorcerer (level 16, -4/96 HPs)
             Began as a Deep Elf Summoner on Dec 4, 2022.
             Was an Initiate of Yredelemnul.
             Shot with a bolt by an orc knight (29 damage)
             ... on level 2 of the Orcish Mines.
             The game lasted 01:36:13 (34120 turns).

ChadusMaximus the Sorcerer (Deep Elf Summoner)     Turns: 34120, Time: 01:36:14

Health: -4/96      AC: 16    Str:  5    XL:     16   Next: 0%
Magic:  17/43      EV: 16    Int: 29    God:    Yredelemnul [......]
Gold:   1535       SH:  6    Dex: 15    Spells: 34/58 levels left

rFire   . . .      SeeInvis +   P - +2 spear (pain)
rCold   + . .      Faith    .   i - +0 buckler
rNeg    + . .      Spirit   .   B - +3 leather armour
rPois   .          Reflect  .   V - +1 hat {SInv}
rElec   .          Harm     .   (no cloak)
rCorr   +          Rampage  .   j - +1 pair of gloves {infuse}
Will    +....                   K - +0 pair of boots
Stlth   ++........              T - amulet of magic regeneration
HPRegen 0.26/turn               W - ring "Baryext" {rC+ rN+ rCorr}
MPRegen 0.68/turn               D - +4 ring of protection

@: no status effects
A: iridescent scales 1, see invisible, sense surroundings 2
a: Renounce Religion, Recall Undead Harvest


You were on level 2 of the Orcish Mines.
You worshipped Yredelemnul.
Yredelemnul was noncommittal.
You visited 4 branches of the dungeon, and saw 23 of its levels.
You also visited: Sewer and Gauntlet.

You collected 1871 gold pieces.
You spent 336 gold pieces at shops.

Inventory:

Hand Weapons
 p - the +10 scimitar "Qecvim" {vorpal, Int-3 Dex+9}
   (You found it on level 3 of the Lair of Beasts)

   It inflicts extra damage upon your enemies.
   Int:       It affects your intelligence (-3).
   Dex:       It affects your dexterity (+9).
 P - a +2 spear of pain (weapon)
Armour
 i - a +0 buckler (worn)
 j - a +1 pair of gloves of infusion (worn)
 B - a +3 leather armour (worn)
 K - a +0 pair of boots (worn)
 V - a +1 hat of see invisible (worn)
 Z - a +0 kite shield
Magical Staves
 d - a staff of conjuration
Jewellery
 a - a +4 ring of protection
 c - a +4 ring of evasion
 k - an amulet of regeneration
 D - a +4 ring of protection (right hand)
 T - an amulet of magic regeneration (around neck)
 W - the ring "Baryext" (left hand) {rC+ rN+ rCorr}
   (You found it on level 13 of the Dungeon)

   [ring of resist corrosion]

   rC:        It protects you from cold.
   rN:        It protects you from negative energy.
   rCorr:     It protects you from acid and corrosion.
Wands
 r - a wand of acid (12)
 L - a wand of mindburst (21)
 O - a wand of polymorph (2)
 R - a wand of roots (11)
 X - a wand of charming (1)
 Y - a wand of flame (3)
Scrolls
 g - 3 scrolls of blinking
 q - 3 scrolls of magic mapping
 s - 3 scrolls of immolation
 t - 3 scrolls of silence
 v - 8 scrolls of teleportation
 x - 2 scrolls of vulnerability
 y - 3 scrolls of torment
 C - 6 scrolls of fear
 G - 7 scrolls of fog
 H - 3 scrolls of enchant weapon
 J - 5 scrolls of enchant armour
 M - 7 scrolls of poison
 S - 3 scrolls of amnesia
 U - a scroll of summoning {unknown}
Potions
 b - 4 potions of magic
 e - 4 potions of might
 f - 19 potions of curing
 h - 8 potions of heal wounds
 l - 6 potions of resistance
 m - 3 potions of ambrosia
 n - 2 potions of mutation
 u - 2 potions of degeneration {unknown}
 w - 3 potions of brilliance
 A - 4 potions of attraction
 E - 7 potions of haste
 F - 8 potions of flight
 I - 6 potions of invisibility
 Q - 4 potions of cancellation
Miscellaneous
 o - a phial of floods
 N - a piece from Xom's chessboard (15/15)


   Skills:
 - Level 9.7 Fighting
 - Level 10.8 Dodging
 - Level 3.0 Stealth
 + Level 7.5 Shields
 * Level 21.5 Spellcasting
 * Level 18.7 Summonings


You had 34 spell levels left.
You knew the following spells:

 Your Spells              Type           Power      Damage    Failure   Level
a - Summon Small Mammal   Summ           100%       N/A       0%          1
b - Call Canine Familiar  Summ           96%        N/A       0%          3
c - Call Imp              Summ           96%        N/A       0%          2
d - Summon Lightning Spi  Summ/Air       72%        N/A       1%          4
e - Summon Hydra          Summ           48%        N/A       1%          7
f - Animate Armour        Summ/Erth      100%       N/A       1%          4
g - Summon Guardian Gole  Hex/Summ       72%        N/A       1%          3

Your spell library contained the following spells:

 Spells                   Type           Power      Damage    Failure   Level
 Apportation              Tloc           62%        N/A       2%          1
 Magic Dart               Conj           100%       1d8       2%          1
 Sandblast                Erth           62%        2d14      2%          1
 Slow                     Hex            100%       N/A       2%          1
 Ensorcelled Hibernation  Hex/Ice        62%        N/A       3%          2
 Passwall                 Tmut/Erth      25%        N/A       3%          2
 Sublimation of Blood     Necr           31%        N/A       3%          2
 Wereblood                Tmut           31%        N/A       3%          2
 Confusing Touch          Hex            31%        N/A       8%          3
 Dazzling Flash           Conj/Hex       62%        N/A       8%          3
 Frozen Ramparts          Ice            62%        1d10      8%          3
 Gell's Gravitas          Tloc           31%        N/A       8%          3
 Ignite Poison            Fire/Tmut/Pois 31%        N/A       8%          3
 Inner Flame              Hex/Fire       31%        N/A       8%          3
 Lesser Beckoning         Tloc           31%        N/A       8%          3
 Mephitic Cloud           Conj/Pois/Air  31%        N/A       8%          3
 Spider Form              Tmut/Pois      31%        N/A       8%          3
 Stone Arrow              Conj/Erth      62%        3d10      8%          3
 Swiftness                Air            31%        N/A       8%          3
 Teleport Other           Tloc           31%        N/A       8%          3
 Vampiric Draining        Necr           31%        2d8       8%          3
 Anguish                  Hex/Necr       15%        N/A       24%         4
 Cause Fear               Hex            15%        N/A       24%         4
 Dispel Undead            Necr           31%        3d14      24%         4
 Fulminant Prism          Conj/Hex       15%        3d11      24%         4
 Iskenderun's Mystic Bla  Conj/Tloc      31%        2d8       24%         4
 Olgreb's Toxic Radiance  Pois           31%        N/A       24%         4
 Agony                    Necr           31%        N/A       56%         5
 Alistair's Intoxication  Tmut/Pois      20%        N/A       56%         5
 Blade Hands              Tmut           15%        N/A       56%         5
 Freezing Cloud           Conj/Ice/Air   15%        6-21      56%         5
 Irradiate                Conj/Tmut      15%        3d16      56%         5
 Lee's Rapid Deconstruct  Erth           15%        3d11*     56%         5
 Silence                  Hex/Air        15%        N/A       56%         5
 Dragon's Call            Summ           48%        N/A       73%         9
 Starburst                Conj/Fire      15%        6d6       98%         6
 Dragon Form              Tmut           15%        N/A       100%        7
 Ozocubu's Refrigeration  Ice            15%        4d10      100%        7
 Discord                  Hex            15%        N/A       100%        8
 Ignition                 Fire           15%        3d6       100%        8
 Lehudib's Crystal Spear  Conj/Erth      15%        10d5      100%        8


Dungeon Overview and Level Annotations

Branches:
Dungeon (15/15)            Temple (1/1) D:7            Lair (5/5) D:11
  Swamp (0/4) Lair:3       Spider (0/4) Lair:2        Slime (0/5) Lair:5
    Orc (2/2) D:10         Vaults (0/5) D:14         Depths (0/4) D:15
  Sewer (visited)         Gauntlet (visited)
    Elf: Orc:2

Altars:
Ashenzari
Dithmenos
Elyvilon
Fedhas
Gozag
Hepliaklqana
Kikubaaqudgha
Nemelex Xobeh
Okawaru
Qazlal
Sif Muna
Trog
Uskayaw
Vehumet
Wu Jian
Xom
Yredelemnul
Zin
The Shining One
Jiyva

Shops:
D:5 =   D:6 *   D:7 :   D:10 [   D:12 !   Orc:2 (*

Portals:
Trove: D:15 (give +3 storm dragon scales)

Annotations:
D:14 exclusion: 2 statues
Lair:2 Quickbrownfox's ghost, journeyman DsIE
Orc:2 Saint Roka


Innate Abilities, Weirdness & Mutations

You are partially covered in iridescent scales. (AC +2)
You have supernaturally acute eyesight. (SInv)
You passively map the area around you.


Message History

The bolt of electricity hits Saint Roka!
Unknown command.
The orc warrior hits your orc high priest zombie with a +0 short sword.
Your orc high priest zombie is destroyed!
The orc priest calls upon Beogh to heal Saint Roka.
Saint Roka is healed somewhat.
The orc warrior throws a boomerang.
The boomerang closely misses you.
The orc barely misses your lightning spire.
Your warg zombie bites Saint Roka but does no damage.
Your lightning spire shoots out a bolt of lightning at Saint Roka!
The bolt of electricity hits Saint Roka!
The bolt of electricity hits Saint Roka!!
The bolt of electricity hits your lightning spire.
Your lightning spire completely resists.
You can no longer trade souls for undead servants.
You see here a +0 halberd.
Unknown command.
Your warg zombie bites Saint Roka!
Saint Roka hits your warg zombie with a +2 vampiric battleaxe!!!
Your warg zombie is destroyed!
Saint Roka hits your lightning spire with a +2 vampiric battleaxe.
The orc warrior hits your lightning spire with a +0 short sword!
Your lightning spire is destroyed!
Your lightning spire disappears in a puff of smoke!
The orc warrior throws a boomerang.
The boomerang closely misses you.
The orc priest no longer looks unusually strong.
Saint Roka roars a battlecry!
The orc priest goes into a battle-frenzy!
The orc priest calls upon Beogh to heal Saint Roka.
Saint Roka is healed somewhat.
Things that are here:
a +0 dagger; a +0 robe Your surroundings suddenly seem different.
The orc knight shouts!
The orc knight unwields a +0 long sword.
The orc knight wields a +0 arbalest.
The orc knight shoots a bolt.
The bolt closely misses you.
The orc knight shoots a bolt.
The bolt hits you!!
You die...
Your body rises from the dead as a mindless zombie.

##.........P#...# #####..##
##.#)....#####.## ###.#.h..##
#...#.....###...####.........#
##.###....##.....##......#..##
##..##..o.....).####........##
#....##...#..#.#.##...#.......
##.....##)#........##..#.......
#.....)............##.....##...
##............@...#.......#....
##.#.#............)............
#............))..............##
##....#.#....)<...............
###.#####.##........#.....#.#*
### #####################


You could see an orc knight.

Vanquished Creatures
  A rakshasa (D:12)
  An orc high priest (Orc:2)
  A wizard (D:13)
  A manticore (Lair:5)
  A worldbinder (Gauntlet)
  A komodo dragon (Lair:3)
  2 blink frogs
  3 yaks
  A hog (Lair:3)
  An ogre (D:11)
  A wolf (Lair:2)
  2 centaurs
  A scorpion (D:7)
  A killer bee (D:7)
  An orc priest (D:10)
  3 iguanas
  An orc wizard (D:6)
  5 adders
  A shadow imp (Gauntlet)
  A worm (D:5)
  2 orcs
  4 endoplasms
  2 giant cockroaches
  A goblin (D:2)
  A hobgoblin (D:4)
  A jackal (D:1)
  2 kobolds
  4 quokkas
  2 ball pythons
  4 bats
  2 frilled lizards
  4 rats
59 creatures vanquished.

Vanquished Creatures (collateral kills)
  Jorgrun (D:14)
  Gastronok (Lair:1)
  Kirke (Lair:1)
  A tengu reaver (D:12)
  2 orc warlords (Orc:2)
  Louise (D:15)
  An ironbound preserver (D:14)
  A quicksilver ooze (Gauntlet)
  A black draconian (D:12)
  Azrael (D:11)
  A minotaur (Gauntlet)
  Josephine (Lair:4)
  Fannar (Lair:3)
  7 hydras
  The ghost of Dickchan the Covert, a journeyman KoEn of Dithmenos (Lair:3)
  Erolcha (D:12)
  4 boulder beetles
  4 catoblepae
  7 centaur warriors
  Erica (Lair:1)
  4 two-headed ogres
  8 death yaks
  Urug (Lair:3)
  A tengu warrior (D:14)
  4 orc high priests (Orc:2)
  Amaemon (Lair:1)
  7 skeletal warriors
  Lodul (D:12)
  5 nameless horrors
  7 deep elf pyromancers
  A wizard (Gauntlet)
  A golden dragon skeleton (D:15)
  A necromancer (D:15)
  6 orc knights
  2 deep elf zephyrmancers (D:13)
  A phantasmal warrior (D:15)
  3 orc sorcerers
  A stone giant zombie (D:15)
  3 manticores
  A frost giant zombie (D:15)
  A fire giant zombie (D:15)
  8 ugly things
  5 cyclopes
  17 slime creatures
  13 elephants
  4 black mambas
  A black mamba (shapeshifter) (D:13)
  Maurice (D:12)
  A torpor snail (Lair:2)
  7 cane toads
  A gargoyle (D:11)
  An orange demon (Lair:1)
  An unseen horror (D:12)
  A cane toad (shapeshifter) (D:12)
  Psyche (D:12)
  6 komodo dragons
  2 rime drakes
  A freezing wraith (D:14)
  An efreet (D:13)
  A tengu conjurer (D:14)
  A kobold demonologist (D:13)
  6 trolls
  7 polar bears
  Prince Ribbit (D:7)
  7 dream sheep (Lair:3)
  15 blink frogs
  2 shadows (D:10)
  3 wyverns
  2 hogs
  Eustachio (D:4)
  8 wraiths
  3 vampires
  3 fire elementals (D:12)
  A basilisk (Lair:5)
  29 yaks
  3 vampire mosquitoes
  7 wargs
  5 acid dragons
  Duvessa (D:7)
  13 water moccasins
  A hell hound (D:12)
  21 orc warriors
  11 black bears
  3 boggarts (Gauntlet)
  21 ogres
  18 wolves
  8 centaurs
  2 phantoms
  2 kobold brigands
  3 bullfrogs
  A gnoll sergeant (D:8)
  4 scorpions
  4 necrophages
  3 wights (D:8)
  Dowan (D:7)
  8 killer bees
  A howler monkey (D:11)
  2 electric eels
  A jelly (D:6)
  11 orc priests
  4 hounds
  4 iguanas
  15 orc wizards
  6 gnolls
  13 adders
  2 river rats
  2 ufetubi
  4 worms
  2 dart slugs
  43 orcs
  2 ball pythons
  7 bats
  6 endoplasms
  A giant cockroach (D:1)
  A goblin (D:1)
  3 hobgoblins
  9 jackals
  11 kobolds
  3 quokkas
  A frilled lizard (D:1)
  2 orc zombies
  7 rats
564 creatures vanquished.

Vanquished Creatures (others)
  A tengu zombie (D:12)
  A dwarf zombie (D:14)
  3 death yak zombies (Lair:5)
  A black draconian zombie (D:12)
  2 boulder beetle zombies (D:12)
  5 slime creature zombies
  3 black mamba zombies
  3 humans (Lair:3)
  A two-headed ogre zombie (D:12)
  A warg (D:11)
  An elephant zombie (Lair:5)
  2 dream sheep zombies (Lair:3)
  2 manticore zombies
  A hog zombie (Lair:1)
  A blink frog zombie (Lair:4)
  A vampire mosquito zombie (D:14)
  2 rime drake zombies
  A komodo dragon zombie (Lair:3)
  A cyclops zombie (D:12)
  4 water moccasin zombies
  4 human zombies
  5 warg zombies
  12 yak zombies
  2 polar bear zombies (Lair:2)
  7 wolf zombies
  6 centaur zombies
  2 bullfrog zombies (Lair:4)
  2 black bear zombies (Lair:2)
  An iguana (Lair:3)
  A killer bee zombie (D:8)
  5 ogre zombies
  2 acid dragon zombies
  A howler monkey zombie (D:11)
  An iguana zombie (Lair:3)
  27 orc zombies
  2 kobold zombies (D:9)
  A bush (Lair:5)
  26 demonic plants (Gauntlet)
  73 fungi
  59 plants
  A withered plant (D:15)
277 creatures vanquished.

Grand Total: 900 creatures vanquished

Notes
Turn   | Place    | Note
-------+----------+-------------------------------------------
     0 | D:1      | ChadusMaximus the Deep Elf Summoner began the quest for the
                  | Orb.
     0 | D:1      | Reached XP level 1. HP: 10/10 MP: 6/6
   183 | D:1      | Reached XP level 2. HP: 11/15 MP: 6/8
   493 | D:1      | Found a faded altar of an unknown god.
  1034 | D:1      | Reached XP level 3. HP: 6/19 MP: 7/10
  1644 | D:2      | Learned a level 3 spell: Call Canine Familiar
  1647 | D:2      | Learned a level 2 spell: Call Imp
  1724 | D:2      | Reached skill level 4 in Spellcasting
  1724 | D:2      | Reached skill level 5 in Summonings
  1733 | D:2      | Reached XP level 4. HP: 12/24 MP: 0/12
  2123 | D:2      | Found a shimmering altar of Xom.
  2393 | D:2      | Noticed an ogre
  2411 | D:2      | Killed an ogre
  2412 | D:2      | Reached skill level 5 in Spellcasting
  2412 | D:2      | Reached XP level 5. HP: 28/28 MP: 10/14
  2651 | D:3      | Found an iron altar of Okawaru.
  3090 | D:3      | Reached skill level 6 in Spellcasting
  3118 | D:3      | Reached XP level 6. HP: 32/32 MP: 17/17
  3637 | D:3      | Found a shimmering blue altar of Sif Muna.
  3819 | D:4      | Learned a level 4 spell: Summon Lightning Spire
  4282 | D:4      | Noticed Eustachio
  4508 | D:4      | Killed Eustachio
  4509 | D:4      | Reached skill level 7 in Spellcasting
  4509 | D:4      | Reached XP level 7. HP: 36/36 MP: 13/19
  4670 | D:4      | Found a stormy altar of Qazlal.
  4808 | D:4      | Identified the +0 helmet of Filysoag {Str+6}
  5001 | D:5      | Entered Level 5 of the Dungeon
  5104 | D:5      | Reached skill level 8 in Spellcasting
  5269 | D:5      | Found a glowing drain.
  5278 | Sewer    | Entered a sewer
  5590 | Sewer    | Found a white marble altar of Elyvilon.
  5725 | D:5      | Found a shadowy altar of Dithmenos.
  5795 | D:5      | Reached XP level 8. HP: 41/41 MP: 20/22
  5857 | D:5      | Found Togafak's Jewellery Boutique.
  5866 | D:5      | Reached skill level 9 in Spellcasting
  6727 | D:6      | Reached skill level 10 in Spellcasting
  6986 | D:6      | Found Zin's Purification Station.
  6991 | D:6      | Found a glowing silver altar of Zin.
  7221 | D:6      | Found an ornate altar of the Wu Jian Council.
  7533 | D:7      | Noticed Prince Ribbit
  7545 | D:7      | Killed Prince Ribbit
  7546 | D:7      | Reached XP level 9. HP: 45/45 MP: 18/25
  7795 | D:7      | Reached skill level 5 in Dodging
  7796 | D:7      | Reached skill level 11 in Spellcasting
  7857 | D:7      | Noticed Dowan
  7858 | D:7      | Noticed Duvessa
  7863 | D:7      | Reached skill level 10 in Summonings
  7867 | D:7      | Killed Duvessa
  7870 | D:7      | Killed Dowan
  8003 | D:7      | Found a staircase to the Ecumenical Temple.
  8134 | Temple   | Entered the Ecumenical Temple
  8160 | Temple   | Became a worshipper of Yredelemnul the Dark
  8337 | D:7      | Found Nydwaful's Book Shop.
  9272 | D:8      | Reached skill level 1 in Fighting
  9432 | D:8      | Identified the +0 scale mail of Resourcefulness {Will+}
  9646 | D:8      | Reached * piety under Yredelemnul
  9655 | D:8      | Reached skill level 12 in Spellcasting
 10308 | D:9      | Reached XP level 10. HP: 53/53 MP: 24/28
 10366 | D:9      | Reached ** piety under Yredelemnul
 10399 | D:9      | Reached *** piety under Yredelemnul
 10494 | D:9      | Found an ancient bone altar of Kikubaaqudgha.
 10612 | D:9      | Noticed a two-headed ogre
 10618 | D:9      | Killed a two-headed ogre
 11023 | D:10     | Entered Level 10 of the Dungeon
 11049 | D:10     | Found an opulent altar of Gozag.
 11310 | D:10     | Noticed a two-headed ogre
 11316 | D:10     | Killed a two-headed ogre
 11317 | D:10     | Reached skill level 13 in Spellcasting
 11512 | D:10     | Found a staircase to the Orcish Mines.
 11520 | D:10     | Found Kuwneimu's Antique Armour Emporium.
 12025 | Orc:1    | Entered Level 1 of the Orcish Mines
 12025 | Orc:1    | Noticed an orc knight
 12025 | Orc:1    | Noticed an orc sorcerer
 12322 | D:11     | Noticed a gargoyle
 12323 | D:11     | Noticed a cyclops
 12379 | D:11     | Reached XP level 11. HP: 40/62 MP: 1/30
 13082 | D:11     | Found a staircase to the Lair.
 13540 | Lair:1   | Entered Level 1 of the Lair of Beasts
 13631 | Lair:1   | Noticed Gastronok
 13649 | Lair:1   | Killed Gastronok
 13827 | Lair:1   | Reached skill level 5 in Fighting
 13831 | Lair:1   | Reached skill level 14 in Spellcasting
 13915 | Lair:1   | Noticed Amaemon
 13926 | Lair:1   | Reached **** piety under Yredelemnul
 13926 | Lair:1   | Killed Amaemon
 13927 | Lair:1   | Reached skill level 10 in Dodging
 14011 | Lair:1   | Noticed Erica
 14021 | Lair:1   | Killed Erica
 14036 | Lair:1   | Reached ***** piety under Yredelemnul
 14444 | Lair:2   | Noticed Quickbrownfox's ghost (journeyman DsIE)
 14446 | Lair:2   | Noticed a four-headed hydra
 14605 | Lair:2   | Noticed a death yak
 14638 | Lair:2   | Killed a death yak
 14639 | Lair:2   | Reached XP level 12. HP: 42/70 MP: 16/32
 14772 | Lair:2   | Found a runed translucent gate.
 14773 | Lair:2   | Found a runed translucent gate.
 14774 | Lair:2   | Found a runed translucent gate.
 14794 | Lair:2   | Found a hole to the Spider Nest.
 15264 | Lair:2   | Reached skill level 15 in Spellcasting
 15456 | Lair:2   | Identified the +2 robe of the Eagle {Will++}
 16376 | Lair:3   | Noticed Fannar
 16638 | D:7      | Bought a book of Blood for 336 gold pieces
 16647 | D:7      | Learned a level 7 spell: Summon Hydra
 16820 | Lair:3   | Noticed Kirke
 17026 | Lair:2   | Killed a four-headed hydra
 17027 | Lair:2   | Reached skill level 1 in Shields
 18175 | Lair:1   | Killed Kirke
 18326 | Lair:3   | Reached skill level 16 in Spellcasting
 18650 | Lair:3   | Noticed an eight-headed hydra
 18657 | Lair:3   | Killed an eight-headed hydra
 18738 | Lair:3   | Found a staircase to the Swamp.
 18844 | Lair:3   | Reached ****** piety under Yredelemnul
 18910 | Lair:3   | Killed Fannar
 19083 | Lair:3   | Found a runed translucent gate.
 19084 | Lair:3   | Found a runed translucent gate.
 19084 | Lair:3   | Noticed Dickchan's ghost (journeyman KoEn)
 19085 | Lair:3   | Found a runed translucent gate.
 19089 | Lair:3   | Noticed a nine-headed hydra
 19090 | Lair:3   | Noticed a 13-headed hydra
 19098 | Lair:3   | Killed a 13-headed hydra
 19099 | Lair:3   | Reached XP level 13. HP: 12/76 MP: 21/35
 19105 | Lair:3   | Killed Dickchan's ghost
 19111 | Lair:3   | Identified the +10 scimitar "Qecvim" {vorpal, Int-3 Dex+9}
 19523 | Lair:3   | Noticed Urug
 19532 | Lair:3   | Killed Urug
 19762 | Lair:3   | Reached skill level 17 in Spellcasting
 20324 | Lair:4   | Reached skill level 15 in Summonings
 20456 | Lair:4   | Found a gate leading to a gauntlet.
 20465 | Gauntlet | Entered a Gauntlet
 20465 | Gauntlet | Found a transporter.
 20494 | Gauntlet | Found a transporter.
 20507 | Gauntlet | Found a transporter.
 20512 | Gauntlet | Found a transporter.
 20527 | Gauntlet | Found a transporter.
 20546 | Gauntlet | Found a transporter.
 20558 | Gauntlet | Found a transporter.
 20570 | Gauntlet | Found a transporter.
 20582 | Gauntlet | Found a transporter.
 20590 | Gauntlet | Found a large runed translucent door.
 20591 | Gauntlet | Found a large runed translucent door.
 20592 | Gauntlet | Found a large runed translucent door.
 20592 | Gauntlet | Found a large runed translucent door.
 20593 | Gauntlet | Found a runed translucent gate.
 20593 | Gauntlet | Noticed a quicksilver ooze
 20594 | Gauntlet | Found a transporter.
 20594 | Gauntlet | Found a runed translucent gate.
 20595 | Gauntlet | Found a runed translucent gate.
 20596 | Gauntlet | Found a large runed translucent door.
 20596 | Gauntlet | Found a large runed translucent door.
 20597 | Gauntlet | Found a large runed translucent door.
 20598 | Gauntlet | Found a large runed translucent door.
 20607 | Gauntlet | Found a large runed translucent door.
 20607 | Gauntlet | Found a large runed translucent door.
 20607 | Gauntlet | Found a runed translucent door.
 20607 | Gauntlet | Found a runed translucent door.
 20608 | Gauntlet | Found a large runed translucent door.
 20609 | Gauntlet | Found a large runed translucent door.
 20611 | Gauntlet | Found a transporter.
 20618 | Gauntlet | Found a large runed translucent door.
 20618 | Gauntlet | Found a large runed translucent door.
 20619 | Gauntlet | Found a large runed translucent door.
 20620 | Gauntlet | Found a large runed translucent door.
 20628 | Gauntlet | Found a transporter.
 20630 | Gauntlet | Found a transporter.
 20655 | Gauntlet | Found a transporter.
 20657 | Gauntlet | Found a transporter.
 20677 | Gauntlet | Found a transporter.
 20755 | Gauntlet | Found a transporter.
 20775 | Gauntlet | Found a transporter.
 21181 | Gauntlet | Found the +3 greatsling "Punk" {acid, rCorr}
 21866 | Gauntlet | Killed a quicksilver ooze
 21920 | Gauntlet | Noticed a minotaur
 21925 | Gauntlet | Killed a minotaur
 22003 | Gauntlet | Identified the +0 robe of Pandemonium {rC++ Str+4}
 22408 | Lair:4   | Noticed Josephine
 22417 | Lair:4   | Killed Josephine
 22576 | Lair:4   | Reached skill level 18 in Spellcasting
 22710 | Lair:5   | Entered Level 5 of the Lair of Beasts
 22787 | Lair:5   | Found a staircase to the Slime Pits.
 22787 | Lair:5   | Found a viscous altar of Jiyva.
 23126 | Lair:5   | Reached XP level 14. HP: 77/84 MP: 22/38
 23281 | Lair:5   | Reached skill level 5 in Shields
 23439 | Lair:5   | Identified the +5 executioner's axe "Pyasuc Loasy" {holy,
                  | rPois Str-2 Int+2}
 23591 | Lair:5   | Identified the +6 morningstar of Weugaug {spect, Dex+6}
 24551 | D:12     | Noticed Psyche
 24554 | D:12     | Killed Psyche
 24562 | D:12     | Your ally Psyche died
 24754 | D:12     | Noticed Erolcha
 24775 | D:12     | Killed Erolcha
 24776 | D:12     | Reached skill level 19 in Spellcasting
 24924 | D:12     | Found Purear's Distillery.
 25294 | D:12     | Noticed Azrael
 25606 | D:12     | Noticed Lodul
 25639 | D:11     | Killed Azrael
 25877 | D:12     | Killed Lodul
 25967 | D:12     | Noticed Maurice
 25974 | D:12     | Killed Maurice
 26332 | D:12     | Your ally Maurice died
 26808 | D:12     | Noticed a tengu reaver
 27037 | D:12     | Killed a tengu reaver
 27414 | D:12     | Got the Precepts of Companions
 27433 | D:12     | Learned a level 4 spell: Animate Armour
 28255 | D:13     | Gained mutation: Your mind is acute. (Int +4, Str/Dex -1)
                  | [potion of mutation]
 28255 | D:13     | Gained mutation: You have a pair of small horns on your
                  | head. [potion of mutation]
 28256 | D:13     | Lost mutation: Your mind is acute. (Int +4, Str/Dex -1)
                  | [potion of mutation]
 28256 | D:13     | Lost mutation: You have a pair of small horns on your head.
                  | [potion of mutation]
 28256 | D:13     | Gained mutation: Armour fits poorly on your strangely
                  | shaped body. [potion of mutation]
 28256 | D:13     | Gained mutation: You are dopey. (Int -2) [potion of
                  | mutation]
 28256 | D:13     | Gained mutation: You are resistant to electric shocks.
                  | (rElec) [potion of mutation]
 28257 | D:13     | Lost mutation: You are resistant to electric shocks.
                  | (rElec) [potion of mutation]
 28257 | D:13     | Lost mutation: You are dopey. (Int -2) [potion of mutation]
 28257 | D:13     | Gained mutation: You passively map a small area around you.
                  | [potion of mutation]
 28257 | D:13     | Gained mutation: You are partially covered in iridescent
                  | scales. (AC +2) [potion of mutation]
 28257 | D:13     | Gained mutation: You have large cloven feet. [potion of
                  | mutation]
 28308 | D:13     | Reached skill level 20 in Spellcasting
 28308 | D:13     | Reached XP level 15. HP: 63/90 MP: 29/41
 28308 | D:13     | Lost mutation: You have large cloven feet. [potion of
                  | mutation]
 28308 | D:13     | Lost mutation: Armour fits poorly on your strangely shaped
                  | body. [potion of mutation]
 28308 | D:13     | Gained mutation: You passively map the area around you.
                  | [potion of mutation]
 28308 | D:13     | Gained mutation: You have supernaturally acute eyesight.
                  | (SInv) [potion of mutation]
 28660 | D:13     | Got the Spellbook of Sand
 28676 | D:13     | Got Simooh's Parchment of Plaster Cramp
 28683 | D:13     | Got Fuawynuu's Parchment of Axaxaxas mlö
 28728 | D:13     | Identified the ring "Baryext" {rC+ rN+ rCorr}
 29153 | D:14     | Noticed Jorgrun
 29363 | D:14     | Killed Jorgrun
 29375 | D:14     | Your ally Jorgrun died
 29945 | D:14     | Found a hide-covered altar of Uskayaw.
 30005 | D:14     | Found a gate to the Vaults.
 31000 | D:15     | Entered Level 15 of the Dungeon
 31102 | D:15     | Found a portal to a secret trove of treasure.
 31116 | D:15     | Noticed Louise
 31124 | D:15     | Killed Louise
 31423 | D:15     | Reached skill level 21 in Spellcasting
 31449 | D:15     | Found a staircase to the Depths.
 31620 | D:15     | Identified the +0 robe of Stained Brilliance {Dex+3 Stlth+}
 31690 | D:15     | Your ally Louise died
 32098 | D:15     | Found a hazy altar of Hepliaklqana.
 32649 | Orc:1    | Paralysed by an orc sorcerer for 3 turns
 32825 | Orc:2    | Entered Level 2 of the Orcish Mines
 33135 | Orc:2    | Found Ceragy's Antique Weapon Boutique.
 33160 | Orc:2    | Noticed an orc warlord
 33192 | Orc:2    | Killed an orc warlord
 33349 | Orc:2    | Found Joahiab's General Store.
 33378 | Orc:2    | Noticed an orc warlord
 33383 | Orc:2    | Killed an orc warlord
 33449 | Orc:2    | Learned a level 3 spell: Summon Guardian Golem
 33689 | Orc:2    | Noticed Saint Roka
 33712 | Orc:2    | HP: 3/92 [Saint Roka/divine providence (10)]
 34101 | Orc:2    | Reached XP level 16. HP: 84/96 MP: 24/43
 34120 | Orc:2    | Shot with a bolt by an orc knight

Illustrated notes

Levels and vault maps discovered:
D:1:      ncdulo_lavacross, layout_rooms, nicolae_ecumenical_lake_church,
          minmay_misc_feat_ornament, kennysheep_flooded_box
D:2:      layout_loops_ring, basic_altar
D:3:      layout_basic, mainiacjoe_overflow_tiny_flanked, led_sif_book,
          chequers_serial_rivers_small_a, minmay_snake_closets
D:4:      layout_basic, kennysheep_mini, uniq_eustachio
D:5:      layout_gridville, nicolae_overflow_crystal_walls, serial_shops,
          nicolae_shop_advertising_works [nicolae_subvault_shop_adworks],
          lightli_sewer_entry_pipes
D:6:      layout_cave_pools, zin_purify, nzn_wu_jian_council_hall
D:7:      layout_layer_cave, minmay_temple_entry_grid, serial_shops, shop,
          minmay_misc_feat_x, uniq_duvessa, uniq_prince_ribbit1
D:8:      layout_gridville, grunt_ministairs_14
D:9:      layout_loops_ring, lemuel_doored_altar
D:10:     layout_irregular_city, mainiacjoe_overflow_brackets, david_orc_3,
          serial_shops, shop
D:11:     layout_cross, erik_lair_orcish_takeover,
          hangedman_abyss_or_decor_stagger, kennysheep_big_empty_room
D:12:     minmay_the_grid_4x2 [minmay_the_grid_small_cups,
          minmay_the_grid_zigzag_pyramid, minmay_the_grid_spin_star,
          minmay_the_grid_minigrid_large, minmay_the_grid_holed_spiral,
          minmay_the_grid_large_cup, minmay_the_grid_broken_lines,
          minmay_the_grid_prize_diamond_cup], layout_basic, serial_shops,
          nicolae_shop_trees, uniq_psyche, uniq_lodul, uniq_erolcha,
          uniq_azrael, uniq_maurice
D:13:     layout_loops_cross, bh_hangedman_babel_library
D:14:     layout_rooms, skrybe_vaults_entry_preservation,
          nicolae_uskayaw_en_pointe, minmay_dual_archer_statues, uniq_jorgrun
D:15:     gammafunk_depths_entry_grave, layout_irregular_city, enter_trove_0,
          nicolae_hepliaklqana_hazy_memory, serial_glass, glass_columns_a,
          glass_columns_b, uniq_louise
Temple:   nicolae_temple_bog_church
Lair:1:   layout_misc_corridors, nicolae_quartered_pool_super, minivault_25,
          uniq_erica, uniq_gastronok, uniq_amaemon
Lair:2:   beast_lair_carwin_large_4, layout_gridlike, dummy_spider_entry,
          gammafunk_ghost_split, serial_bayou_pond_d, st_stairs_3
Lair:3:   layout_cellular_growth, minmay_swamp_entry_reptiles,
          gammafunk_ghost_hydra_chop, serial_bayou_shore_b, grunt_megastairs_4,
          infiniplex_staircase_pool, lemuel_fruit_tree, uniq_fannar, uniq_urug,
          uniq_kirke
Lair:4:   wander_river, layout_cellular_growth, gauntlet_entry_generic,
          uniq_josephine
Lair:5:   evilmike_catoblepas_cave, layout_loops_ring, slime_entry_1,
          st_stairs_6
Orc:1:    layout_caves, basic_altar, mines2_david
Orc:2:    grunt_orc_gardens, layout_caves, grunt_orc_garden, grunt_orc_garden,
          grunt_orc_garden, grunt_orc_garden, serial_shops, shop, mines2_lemuel,
          uniq_saint_roka

Skill      XL: |  1  2  3  4  5  6  7  8  9 10 11 12 13 14 15 |
---------------+----------------------------------------------+-----
Stealth        | 3 |  3.0
Spellcasting   | 4 5 6 7 8 10 12 13 14 16 18 20 21 | 21.5
Summonings     | 5 6 7 8 9 10 11 13 14 16 17 18 | 18.7
Dodging        | 4 7 9 10 | 10.8
Fighting       | 2 4 6 7 8 9 |  9.7
Shields        | 3 4 6 7 |  7.5

Action                   |  1- 3 |  4- 6 |  7- 9 | 10-12 | 13-15 | 16-18 || total
-------------------------+-------+-------+-------+-------+-------+-------++-------
Melee: Unarmed           |    25 |       |       |       |       |       ||    25
       Punch             |     3 |     1 |     4 |     2 |       |       ||    10
       Mace              |    48 |   116 |    79 |       |       |       ||   243
       Halberd           |       |       |    47 |       |       |       ||    47
       Spear             |       |       |    19 |   220 |   304 |       ||   543
 Cast: Summon Small Mamm |    45 |    25 |    47 |    60 |    25 |       ||   202
       Call Canine Famil |     2 |    18 |    27 |    67 |    79 |       ||   193
       Call Imp          |     2 |     5 |    10 |    13 |    12 |       ||    42
       Summon Lightning  |       |     3 |    17 |    69 |   112 |     1 ||   202
       Summon Hydra      |       |       |       |     6 |   172 |     2 ||   180
       Animate Armour    |       |       |       |       |     2 |       ||     2
       Summon Guardian G |       |       |       |       |       |     1 ||     1
Evoke: Wand              |       |       |       |       |     1 |       ||     1
       Piece from Xom's  |       |       |       |       |     1 |       ||     1
  Use: Scroll            |       |       |       |    18 |    13 |     1 ||    32
       Potion            |       |       |       |       |    11 |       ||    11
 Stab: Sleeping          |     1 |     9 |     1 |       |       |       ||    11
       Distracted        |     1 |       |     3 |     7 |     9 |       ||    20
Armor: Robe              |    15 |    41 |       |       |       |       ||    56
       Leather armour    |       |       |    71 |    79 |   110 |       ||   260
Dodge: Dodged            |   106 |   157 |   170 |   303 |   303 |     4 ||  1043
Block: Other             |    29 |    51 |    53 |    44 |       |       ||   177
       Reflection        |       |       |     4 |     1 |       |       ||     5
       Buckler           |       |       |       |    42 |   132 |       ||   174
       Kite shield       |       |       |       |    38 |       |       ||    38
